 Dungeon Crawl Stone Soup version 0.17-a0-1942-g46ae386 (webtiles) character file.

499 KambridgeKobold the Covered (level 6, -1/57 HPs)
             Began as a Minotaur Fighter on Sept 30, 2015.
             Was an Initiate of Qazlal.
             Slain by a yak (10 damage)
             ... on level 4 of the Dungeon.
             The game lasted 00:12:01 (3170 turns).

KambridgeKobold the Covered (Minotaur Fighter)      Turns: 3170, Time: 00:12:01

Health: -1/57      AC: 14    Str: 21    XL:     6   Next: 94%
Magic:  5/5        EV:  7    Int:  6    God:    Qazlal [......]
Gold:   226        SH:  4    Dex: 10    Spells: 0 memorised, 5 levels left

rFire  . . .     SeeInvis .     v - +4 flail
rCold  . . .     Clarity  .     j - +0 chain mail
rNeg   . . .     SustAt   .     x - +0 buckler
rPois  .         Gourm    .     (helmet restricted)
rElec  .         Spirit   .     n - +0 cloak
rCorr  .         Warding  .     i - +2 pair of gloves
rMut   .         Stasis   .     (no boots)
MR     .....                    (no amulet)
Stlth  ..........               (no ring)
                                (no ring)

@: not resistant to hostile enchantments, extremely unstealthy
A: retaliatory headbutt, horns 2
a: Renounce Religion


You were on level 4 of the Dungeon.
You worshipped Qazlal.
Qazlal was noncommittal.
You were not hungry.

You visited 2 branches of the dungeon, and saw 6 of its levels.

You collected 226 gold pieces.

Inventory:

Hand weapons
 a - a +0 flail
 h - a +1 antimagic dagger
 v - a +4 flail (weapon)
Missiles
 o - a throwing net (quivered)
Armour
 i - a +2 pair of gloves (worn)
 j - a +0 chain mail (worn)
 n - a +0 cloak (worn)
 x - a +0 buckler (worn)
Jewellery
 r - an uncursed ring of ice
Magical devices
 p - a wand of digging (6)
Scrolls
 b - a scroll of amnesia {unknown}
 c - a scroll of random uselessness {unknown}
 f - a scroll of teleportation {unknown}
 g - a scroll of recharging {unknown}
 q - a scroll of enchant armour {unknown}
 s - 2 scrolls of remove curse {unknown}
 u - a scroll of magic mapping {unknown}
 y - a scroll of immolation {unknown}
Potions
 k - a potion of cancellation
 l - 3 potions of curing
 t - 2 potions of agility
Comestibles
 d - a chunk of flesh
 e - 3 bread rations
 m - 3 meat rations
 w - 3 fruits


   Skills:
 + Level 5.9 Fighting
 + Level 5.5 Maces & Flails
 + Level 6.5 Armour
 - Level 3.6 Shields


You had 5 spell levels left.
You didn't know any spells.

Dungeon Overview and Level Annotations

Branches:
Dungeon (5/15)             Temple (1/1) D:4

Altars:
Ashenzari
Cheibriados
Dithmenos
Fedhas
Kikubaaqudgha
Makhleb
Qazlal
Trog
Yredelemnul
Zin
The Shining One
Lugonu


Innate Abilities, Weirdness & Mutations

You reflexively headbutt those who attack you in melee.
You have a pair of horns on your head.


Message History

The yak gores you.
There is a stone staircase leading up, spattered with blood here.
The yak gores you!
* * * LOW HITPOINT WARNING * * *
The yak gores you!
* * * LOW HITPOINT WARNING * * *
You climb upwards.
There is a stone staircase leading down here.
Unknown command.
Drink which item? (? for menu, Esc to quit)
You feel better. The yak gores you.
* * * LOW HITPOINT WARNING * * *
You block the yak's attack. The yak gores you but does no damage.
You block the yak's attack. The yak gores you.
* * * LOW HITPOINT WARNING * * *
You hit the yak.
The yak is lightly wounded.
The yak gores you!
You die...

#####.#####.# ##### #.#
#.####### #<... #.# #.......#
##### #.# #######.# #.# #.#
#.# #.########## #.#
#.#........##
###'###########.........[.###
#........>YY@..(.............
#.........Y######...........#
#..........# #...........#
####......#######...........#
#......# #...............#
#.....รท# #...............'
#......###...............#
#.....................####
#..............##...###


You could see 3 yaks.

Vanquished Creatures
  A yak (D:5)
  A hound (D:4)
  An orc wizard (D:3)
  An orc priest (D:3)
  A giant frog skeleton (D:3)
  2 worker ants (D:4)
  6 adders
  A shadow imp (D:3)
  8 oozes
  An adder skeleton (D:4)
  2 worms
  8 orcs
  8 bats
  9 giant cockroaches
  9 hobgoblins
  8 jackals
  5 kobolds
  2 quokkas (D:3)
  3 giant newts
  14 goblins
  10 rats
101 creatures vanquished.

Notes
Turn   | Place    | Note
--------------------------------------------------------------
     0 | D:1      | KambridgeKobold the Minotaur Fighter began the quest for the Orb.
     0 | D:1      | Reached XP level 1. HP: 19/19 MP: 0/0
     1 | D:1      | Found a runed door.
   276 | D:1      | Reached XP level 2. HP: 27/27 MP: 1/1
   526 | D:1      | Reached skill level 4 in Fighting
   709 | D:1      | Reached XP level 3. HP: 33/33 MP: 2/2
   940 | D:2      | Reached XP level 4. HP: 41/41 MP: 3/3
  1009 | D:2      | Found a faded altar to an unknown god.
  1377 | D:2      | Reached skill level 5 in Armour
  1514 | D:3      | Reached XP level 5. HP: 38/47 MP: 4/4
  1520 | D:3      | HP: 1/47 [orc/hand axe (2)]
  1785 | D:3      | Reached skill level 5 in Fighting
  1942 | D:3      | Found a basalt altar of Yredelemnul.
  2527 | D:4      | Reached XP level 6. HP: 54/56 MP: 5/5
  2676 | D:4      | Found a staircase to the Ecumenical Temple.
  2681 | Temple   | Entered the Ecumenical Temple
  2712 | Temple   | Became a worshipper of Qazlal Stormbringer
  2785 | D:4      | Reached skill level 6 in Armour
  3019 | D:4      | Reached skill level 5 in Maces & Flails
  3106 | D:4      | Found a blossoming altar of Fedhas.
  3151 | D:5      | Entered Level 5 of the Dungeon
  3151 | D:5      | Noticed a yak
  3151 | D:5      | Noticed a yak
  3153 | D:5      | Noticed a yak
  3153 | D:5      | Noticed a yak
  3153 | D:5      | Noticed a yak
  3158 | D:5      | Killed a yak
  3170 | D:4      | Slain by a yak

Vault maps used:
D:1:      dpeg_arrival_caged_fury, solitary_fountain
D:2:      kennysheep_the_goblin_king, ecumenical_altar_1
D:3:      nicolae_overflow_hidden_temple, serial_corexii_hall,
          corexii_hall_statues_x, corexii_hall_statues_t,
          guppyfry_early_orc_mine
D:4:      lemuel_doored_altar, temple_doors_e
D:5:      serial_shops, kennysheep_little_box, first_bread, minmay_holes,
          hangedman_abyss_or_decor_stabs, grunt_ministairs_15,
          kennysheep_generic_room_11
Temple:   corrupted_temple

Action                   |  1- 3 |  4- 6 || total
-------------------------+-------+-------++-------
Melee: Flail             |    60 |   136 ||   196
  Use: Potion            |     1 |     2 ||     3
       Scroll            |       |     5 ||     5
  Eat: Chunk             |       |     7 ||     7
